Map: Emerald City LE

Players

Throwfordays

  • Race: Protoss Protoss
  • League: Silver
  • Spawn Location: 11:00

Faust

  • Race: Zerg Zerg
  • League: Diamond
  • Spawn Location: 11:00

AidsBaby - Winner!

  • Race: Zerg Zerg
  • Spawn Location: 5:00

hotquac - Winner!

  • Race: Zerg Zerg
  • Spawn Location: 5:00

VOD

Have the link to the VOD?

Description

Time

  • Played on: March 6, 2019, 11:19 p.m.
  • Length: 19:40
Show
View Real Time Build Order
Export as new Build Order

Throwfordays Protoss 

Build Orders: Nexus First 

Get SALT Encoding   

  12  0:00  Probe  
  13  0:12  Probe  
  14  0:25  Probe  
  15  0:46  Nexus  
  15  0:53  Pylon  
  15  1:11  Probe  
  16  1:12  Gateway  
  16  1:21  Pylon  
  16  1:23  Pylon  
  16  1:27  Probe  
  17  1:41  Gateway  
  17  1:49  Forge  
  17  1:57  Probe  
  18  2:04  Assimilator  
  18  2:10  Probe  
  19  2:16  Cybernetics Core  
  19  2:23  Photon Cannon  
  19  2:31  Photon Cannon  
  19  2:33  Probe  
  20  2:42  Probe  
  21  2:45  Probe  
  22  2:54  Probe  
  22  2:56  Warp Gate  
  22  2:57  Pylon  
  23  3:03  Assimilator  
  23  3:06  Probe  
  24  3:18  Probe  
  24  3:19  Probe  
  26  3:27  Probe  
  26  3:30  Probe  
  26  3:32  Photon Cannon  
  28  3:35  Probe  
  28  3:38  Photon Cannon  
  29  3:42  Probe  
  29  3:43  Pylon  
  29  3:45  Probe  
  31  3:57  Probe  
  27  4:25  Pylon  
  27  4:28  Pylon  
  27  4:33  Probe x2  
  29  4:41  Probe  
  29  4:46  Photon Cannon  
  29  4:50  Photon Cannon  
  29  4:51  Probe  
  30  4:55  Photon Cannon  
  30  4:57  Photon Cannon  
  31  5:00  Probe  
  32  5:08  Probe  
  32  5:10  Zealot  
  32  5:12  Zealot  
  32  5:13  Protoss Ground Weapons Level 1  
  37  5:17  Probe  
  37  5:19  Assimilator  
  38  5:22  Assimilator  
  38  5:30  Probe x2  
  40  5:38  Probe  
  40  5:42  Probe  
  42  5:48  Probe  
  42  5:54  Probe  
  44  5:58  Stalker  
  44  5:59  Stalker  
  44  6:00  Probe  
  49  6:06  Probe  
  49  6:09  Pylon  
  50  6:17  Photon Cannon  
  50  6:18  Probe  
  51  6:19  Photon Cannon  
  51  6:21  Shield Battery  
  51  6:30  Gateway, Probe  
  51  6:31  Gateway  
  52  6:40  Shield Battery  
  52  6:41  Shield Battery  
  52  6:45  Photon Cannon  
  48  6:49  Photon Cannon, Stalker x2  
  52  7:16  Stalker x2  
  55  7:35  Probe  
  56  7:47  Stalker x3, Probe  
  63  7:54  Nexus  
  63  7:57  Pylon  
  63  8:04  Pylon  
  63  8:07  Assimilator  
  63  8:09  Assimilator  
  63  8:20  Nexus  
  63  8:22  Pylon  
  63  8:26  Pylon  
  63  8:28  Probe  
  63  8:31  Probe  
  65  8:37  Assimilator  
  65  8:40  Assimilator, Probe  
  66  8:43  Probe  
  66  8:46  Photon Cannon  
  67  8:50  Photon Cannon  
  67  8:52  Probe  
  67  8:53  Photon Cannon  
  67  8:55  Photon Cannon  
  68  8:56  Probe  
  69  9:04  Probe  
  69  9:06  Probe  
  69  9:08  Probe  
  69  9:09  Protoss Shields Level 1  
  71  9:10  Photon Cannon  
  71  9:13  Photon Cannon  
  71  9:14  Probe  
  71  9:16  Photon Cannon  
  71  9:17  Probe  
  73  9:19  Photon Cannon  
  73  9:20  Probe  
  75  9:24  Probe  
  75  9:26  Protoss Air Weapons Level 1  
  76  9:36  Probe  
  77  9:48  Pylon, Probe  
  77  9:50  Pylon  
  78  9:54  Pylon  
  78  9:57  Pylon  
  78  9:58  Probe  
  78  9:59  Pylon  
  78  10:00  Probe  
  78  10:02  Pylon  
  78  10:06  Probe  
  80  10:08  Pylon  
  80  10:12  Probe  
  82  10:16  Probe  
  83  10:23  Probe  
  83  10:28  Probe  
  85  10:35  Stalker x2, Probe  
  88  10:36  Stalker  
  88  10:40  Probe  
  93  10:47  Robotics Facility, Probe  
  93  10:48  Robotics Facility  
  94  10:51  Robotics Facility  
  94  10:52  Probe  
  94  10:55  Robotics Facility  
  95  10:58  Twilight Council  
  95  10:59  Stalker, Probe  
  95  11:00  Stalker  
  95  11:01  Stalker  
  95  11:03  Forge  
  102  11:04  Probe  
  102  11:05  Forge  
  103  11:11  Probe  
  103  11:16  Probe  
  105  11:24  Stalker x2  
  105  11:25  Stalker  
  89  11:48  Immortal x4  
  89  11:52  Stalker x2  
  97  11:59  Protoss Shields Level 2, Protoss Ground Weapons Level 2  
  80  12:18  Robotics Bay  
  75  12:27  Immortal x4  
  86  12:48  Blink  
  86  12:57  Immortal x3  
  86  12:58  Immortal  
  82  13:29  Probe  
  75  13:35  Colossus x4  
  75  14:09  Nexus  
  75  14:12  Protoss Ground Weapons Level 3  
  75  14:18  Protoss Ground Armor Level 1  
  75  14:28  Colossus x2  
  87  14:35  Pylon  
  87  14:36  Pylon  
  87  14:38  Pylon  
  87  14:40  Pylon  
  87  14:42  Pylon  
  87  14:52  Colossus  
  87  14:54  Colossus  
  99  15:03  Extended Thermal Lance, Probe  
  100  15:15  Probe  
  101  15:21  Probe  
  101  15:28  Probe  
  103  15:29  Probe  
  104  15:39  Probe  
  104  15:40  Probe  
  106  15:51  Probe  
  106  15:52  Probe  
  108  16:03  Probe  
  110  16:04  Assimilator, Probe  
  110  16:08  Assimilator  
  110  16:15  Probe  
  110  16:16  Probe  
  112  16:27  Probe  
  112  16:28  Probe  
  114  16:39  Probe  
  114  16:40  Probe  
  115  16:52  Probe  
  92  17:41  Probe  
  93  17:48  Pylon  
  93  17:52  Pylon  
  93  17:53  Probe  
  85  18:05  Probe  
  60  19:07  Probe  
  79  19:16  Photon Cannon  
  79  19:18  Photon Cannon  
  79  19:20  Probe  
  79  19:21  Nexus, Photon Cannon  
  80  19:24  Photon Cannon  
  80  19:28  Photon Cannon  
  80  19:30  Pylon  
Show
View Real Time Build Order
Export as new Build Order

Faust Zerg 

Build Orders: Hatch First, Brood Lord Corruptor 

Get SALT Encoding   

  12  0:00  Drone  
  13  0:14  Drone  
  14  0:22  Extractor  
  14  0:23  Drone  
  14  0:24  Overlord  
  15  0:43  Drone  
  15  0:44  Drone  
  17  0:56  Hatchery, Drone  
  17  1:06  Drone  
  17  1:07  Extractor  
  17  1:19  Spawning Pool  
  17  1:23  Drone  
  17  1:34  Drone x2  
  19  1:41  Overlord  
  19  2:08  Drone x2  
  19  2:09  Metabolic Boost, Drone  
  19  2:10  Queen  
  19  2:14  Queen  
  26  2:18  Drone  
  26  2:21  Drone  
  28  2:30  Overlord  
  28  2:47  Lair  
  28  2:55  Drone  
  28  2:56  Drone x4  
  33  3:09  Drone x2  
  35  3:13  Overlord  
  35  3:25  Drone x4  
  35  3:26  Drone  
  40  3:35  Hatchery  
  40  3:36  Roach Warren, Drone  
  39  3:46  Hydralisk Den  
  39  3:47  Drone x2  
  40  3:51  Drone x2  
  42  3:56  Extractor  
  42  3:58  Extractor  
  42  3:59  Zergling x12  
  46  4:04  Zergling x2  
  46  4:07  Zergling x2  
  48  4:12  Baneling Nest  
  47  4:28  Zergling x10  
  50  4:34  Spine Crawler  
  50  4:35  Evolution Chamber  
  48  4:44  Drone x2  
  50  4:50  Infestation Pit  
  49  4:56  Extractor, Drone x3  
  49  4:58  Drone  
  52  5:00  Overlord  
  52  5:28  Drone x3  
  55  5:30  Drone x2  
  55  5:34  Nydus Network  
  56  6:07  Baneling Nest  
  58  6:22  Burrow  
  58  6:24  Overlord  
  58  6:25  Overlord x5  
  58  6:26  Baneling Nest, Overlord  
  58  6:27  Zergling x2  
  58  6:28  Zergling x4  
  60  7:07  Swarm Host  
  90  7:11  Zergling x4  
  91  7:36  Zergling x10  
  96  7:42  Nydus Canal  
  96  8:29  Zergling x2, Evolution Chamber  
  96  8:30  Zergling x26  
  96  8:31  Evolution Chamber  
  96  8:33  Hive  
  108  8:37  Spire  
  108  8:39  Nydus Canal  
  107  8:45  Zergling x12  
  107  8:46  Zergling x4  
  115  9:20  Centrifical Hooks  
  115  9:28  Nydus Canal  
  115  9:46  Hatchery  
  114  10:25  Overlord x4  
  114  10:26  Corruptor, Overlord  
  114  10:28  Overlord x3  
  116  10:29  Overlord x3  
  116  10:33  Adrenal Glands  
  116  10:36  Zerg Melee Weapons Level 1  
  116  10:39  Overlord x3  
  116  10:58  Corruptor x5  
  116  10:59  Corruptor x5  
  125  11:11  Baneling  
  125  11:12  Baneling x20  
  125  11:13  Baneling x4  
  109  11:57  Zergling x4  
  109  11:58  Zergling x20  
  106  12:02  Greater Spire  
  99  12:24  Baneling x5  
  74  13:13  Brood Lord x3  
  74  13:15  Brood Lord  
  74  13:16  Brood Lord x2  
  86  13:27  Brood Lord x2  
  86  13:28  Brood Lord x2  
  86  13:31  Brood Lord  
  96  13:45  Hatchery  
  95  13:54  Drone  
  95  13:55  Drone x10  
  106  14:32  Nydus Canal  
  106  15:08  Overseer  
  106  15:13  Queen  
  106  15:16  Extractor  
  106  15:18  Extractor  
  106  15:19  Overlord  
  106  15:43  Nydus Canal  
  106  15:51  Corruptor x4  
  114  16:36  Nydus Canal  
  114  16:38  Corruptor x2  
  107  17:14  Corruptor  
  36  19:04  Corruptor x2  
Show
View Real Time Build Order
Export as new Build Order

AidsBaby Zerg - Winner!

Build Orders: Hatch First 

Get SALT Encoding   

  12  0:11  Drone x2  
  14  0:42  Overlord  
  14  0:50  Hatchery  
  14  0:53  Drone  
  14  0:54  Extractor, Drone  
  14  1:06  Drone x2  
  16  1:21  Drone  
  17  1:32  Drone  
  18  1:38  Drone  
  19  1:53  Spawning Pool  
  18  2:03  Extractor, Drone x2  
  19  2:13  Drone  
  20  2:16  Overlord  
  21  2:22  Drone  
  21  2:23  Drone  
  22  2:32  Drone  
  23  2:43  Queen  
  25  2:46  Queen  
  25  2:47  Drone x2  
  25  2:48  Drone  
  30  3:03  Metabolic Boost  
  30  3:11  Roach Warren  
  30  3:12  Zergling x6  
  32  3:28  Zergling x2  
  33  3:36  Drone x3  
  36  3:46  Overlord x2  
  36  4:15  Zergling x6  
  39  4:17  Lair  
  39  4:24  Zergling x6  
  39  4:25  Zergling x4  
  43  4:40  Roach  
  45  4:46  Roach x3  
  45  4:47  Overlord x2  
  45  4:48  Overlord  
  51  5:00  Extractor  
  49  5:20  Roach x4  
  49  5:21  Roach  
  59  5:25  Drone  
  59  5:26  Drone x6  
  66  5:31  Roach  
  66  5:34  Roach  
  70  5:35  Glial Reconstitution  
  70  5:47  Roach  
  72  5:55  Roach x2  
  72  5:56  Overlord x2  
  76  6:08  Overlord x3  
  76  6:09  Overlord  
  76  6:21  Ravager x4  
  76  6:22  Ravager x5  
  85  6:33  Roach  
  85  6:34  Roach x5  
  97  6:42  Evolution Chamber  
  86  7:14  Roach x4  
  86  7:15  Roach x3  
  100  7:20  Roach x5  
  100  7:22  Zerg Missile Weapons Level 1  
  110  8:07  Overseer  
  110  8:10  Roach x2  
  110  8:11  Roach x5  
  124  8:19  Extractor  
  123  8:51  Overlord x2  
  123  8:52  Overlord x3  
  123  9:16  Zerg Ground Armor Level 1  
  123  9:20  Roach x3  
  123  9:21  Roach x7  
  143  9:26  Roach x5  
  153  9:43  Roach x2  
  157  10:44  Roach  
  157  10:45  Roach x2  
  157  10:46  Overlord x4  
  157  11:10  Zerg Missile Weapons Level 2  
  155  11:18  Ravager x4  
  157  11:19  Ravager x7  
  157  11:20  Ravager x6  
  157  11:21  Ravager x3  
  111  12:26  Roach  
  111  12:27  Roach x6  
  111  12:28  Roach  
  122  12:32  Roach  
  122  12:33  Roach x6  
  66  13:38  Spire  
  63  14:00  Hatchery  
  62  14:08  Roach  
  62  14:09  Roach x4  
  72  14:18  Roach x2  
  72  14:19  Roach x4  
  84  14:38  Roach x4  
  90  14:39  Roach x2  
  94  15:09  Mutalisk x5  
  94  15:12  Mutalisk x3  
  94  15:13  Mutalisk x4  
  116  15:28  Queen  
  116  15:29  Drone, Mutalisk  
  121  15:53  Extractor  
  121  15:56  Mutalisk x3  
  48  19:36  Extractor  
Show
View Real Time Build Order
Export as new Build Order

hotquac Zerg - Winner!

Build Orders: Hatch First 

Get SALT Encoding   

  12  0:00  Drone  
  13  0:12  Overlord  
  13  0:17  Drone  
  14  0:31  Drone x2  
  16  0:40  Drone  
  17  0:56  Extractor  
  16  0:58  Drone  
  16  0:59  Hatchery  
  16  1:01  Drone  
  17  1:16  Spawning Pool  
  16  1:22  Drone x2  
  18  1:28  Drone  
  19  1:38  Drone  
  20  1:51  Overlord  
  20  2:02  Drone  
  20  2:06  Metabolic Boost  
  21  2:09  Queen  
  21  2:13  Queen  
  25  2:20  Evolution Chamber  
  25  2:22  Baneling Nest  
  23  2:23  Zergling x2  
  23  2:25  Drone  
  23  2:28  Zergling x2  
  26  2:32  Drone  
  27  2:37  Drone  
  27  2:38  Drone  
  29  2:45  Extractor  
  28  3:05  Zergling x6  
  30  3:06  Zergling x6  
  34  3:39  Zerg Melee Weapons Level 1  
  34  3:41  Lair  
  34  3:42  Drone x2  
  34  3:43  Overlord x3  
  35  4:28  Zergling x6  
  35  4:29  Zergling x10  
  40  4:43  Baneling x5  
  38  4:52  Hydralisk Den  
  37  4:54  Zergling x10  
  42  5:21  Grooved Spines  
  42  5:22  Hydralisk x4  
  42  5:23  Hydralisk x2  
  42  5:24  Overlord  
  54  5:31  Baneling  
  54  5:32  Baneling x2  
  54  5:35  Baneling  
  54  5:43  Drone x5  
  54  5:47  Extractor  
  58  6:06  Zerg Missile Weapons Level 1  
  58  6:10  Evolution Chamber  
  57  6:12  Drone x5  
  57  6:13  Drone  
  63  6:21  Overlord  
  63  6:35  Muscular Augments  
  59  7:08  Hydralisk x6  
  58  7:10  Zergling x8  
  58  7:13  Baneling  
  64  7:37  Hydralisk x2  
  68  7:46  Drone x4  
  61  8:44  Hatchery  
  61  8:46  Overlord x2  
  61  8:47  Overlord x2  
  60  8:51  Extractor  
  60  8:53  Zergling x4  
  61  8:58  Hatchery  
  60  9:24  Hydralisk x3  
  66  9:35  Lair  
  66  10:13  Hydralisk x4  
  66  10:14  Hydralisk x5  
  72  10:17  Queen  
  86  10:40  Hydralisk x4  
  94  10:54  Drone  
  94  10:55  Drone x8  
  103  10:58  Queen  
  103  11:39  Hydralisk x3  
  99  11:40  Zergling x4, Drone  
  99  11:41  Drone x3  
  77  12:08  Hydralisk x5  
  77  12:09  Hydralisk  
  89  12:26  Hydralisk x6  
  101  12:39  Drone  
  101  12:40  Drone x2  
  80  13:18  Hydralisk  
  80  13:19  Hydralisk x4  
  90  13:20  Zergling x6, Overlord x3  
  93  13:39  Hydralisk x5  
  93  13:40  Hydralisk x3  
  107  13:46  Zerg Missile Weapons Level 2  
  107  13:48  Zerg Ground Armor Level 1  
  103  14:09  Overlord x4  
  101  14:10  Overlord  
  101  14:11  Hydralisk x4  
  109  14:29  Infestation Pit  
  108  14:39  Centrifical Hooks  
  107  15:03  Hydralisk x5  
  107  15:04  Hydralisk x2  
  107  15:05  Zergling x10  
  107  15:06  Zergling x8  
  130  15:21  Hive  
  130  15:23  Overseer  
  130  15:52  Zerg Ground Armor Level 2  
  130  15:54  Zergling x2  
  130  15:55  Zergling x12  
  132  16:34  Adrenal Glands  
  126  17:28  Spire  
  125  17:37  Pneumatized Carapace  
  110  18:34  Hydralisk  
  110  18:35  Hydralisk x6  
  84  18:49  Hydralisk x4  
  84  18:55  Zergling x2  
  71  19:07  Hatchery  
  71  19:09  Hatchery  
  69  19:11  Hatchery x2  
  69  19:14  Hatchery  
Tags
 
Add a new tag
Caveats
  • Supply blocks, unpowered buildings, or Contaminate may cause inaccurate times.
  • Supply counts are checked every 10 seconds.